 Dungeon Crawl Stone Soup version 0.30-a0-528-g8c47a4955b (webtiles) character file.

Game seed: 12672156859620621812

11764 kae the Destroyer (level 11, -4/54 HPs)
             Began as a Tengu Fire Elementalist on Dec 23, 2022.
             Was an Elder of Sif Muna.
             Killed from afar by Lodul (13 damage)
             ... with a bolt of lightning
             ... on level 11 of the Dungeon.
             The game lasted 00:15:49 (15102 turns).

kae the Destroyer (Tengu Fire Elementalist)        Turns: 15102, Time: 00:15:49

Health: -4/54      AC:  4    Str:  8    XL:     11   Next: 82%
Magic:  0/32       EV: 14    Int: 20    God:    Sif Muna [****..]
Gold:   748        SH:  0    Dex: 15    Spells: 10/24 levels left

rFire   + + .      SeeInvis .    o - staff of fire {!a}
rCold   x . .      Faith    .    (no shield)
rNeg    . . .      Spirit   +    H - +1 robe {Will+}
rPois   .          Reflect  .    (helmet restricted)
rElec   .          Harm     .    s - +0 cloak
rCorr   .          Rampage  .    (no gloves)
Will    +....                    (boots unavailable)
Stlth   ++                       G - amulet of guardian spirit
HPRegen 0.29/turn                W - ring of magical power
MPRegen 0.23/turn                F - ring of fire

@: flying quickly and evasively, quick
A: beak, talons 3, nimble flight
a: Renounce Religion, Channel Magic, Forget Spell, Divine Exegesis


You were on level 11 of the Dungeon.
You worshipped Sif Muna.
Sif Muna was greatly pleased with you.
You visited 1 branch of the dungeon, and saw 11 of its levels.
You also visited: Bailey.

You collected 748 gold pieces.


Innate Abilities, Weirdness & Mutations

You have a beak for a mouth.
You have claws for feet.
Your magical nature lets you fly swiftly and evasively.


   Skills:
 - Level 2.1 Dodging
 - Level 2.0 Stealth
 + Level 7.4 Spellcasting
 - Level 13.0 Conjurations
 * Level 12.6 Fire Magic
 + Level 6.8 Invocations


You had 10 spell levels left.
You knew the following spells:

 Your Spells              Type           Power      Damage    Failure   Level
a - Foxfire               Conj/Fire      100%       2x1d9     1%          1
b - Scorch                Fire           100%       2d10      1%          2
c - Inner Flame           Hex/Fire       65%        N/A       1%          3
d - Flame Wave            Conj/Fire      93%        2d20      1%          4
e - Sticky Flame          Conj/Fire      93%        2d10      1%          4

Your spell library contained the following spells:

 Spells                   Type           Power      Damage    Failure   Level
 Kiss of Death            Conj/Necr      100%       2d13      1%          1
 Iskenderun's Battlesphe  Conj           56%        2d11      1%          5
 Ignite Poison            Fire/Tmut/Pois 53%        N/A       4%          3
 Kindle Blastsparks       Fire/Tloc/Air  100%       2d18      4%          3
 Confusing Touch          Hex            7%         N/A       26%         3
 Dispel Undead            Necr           7%         3d8       65%         4
 Iron Shot                Conj/Erth      16%        9d4       67%         6
 Alistair's Intoxication  Tmut/Pois      4%         N/A       94%         5
 Borgnjor's Vile Clutch   Necr/Erth      3%         N/A       94%         5
 Summon Forest            Summ/Tloc      3%         N/A       94%         5
 Summon Mana Viper        Hex/Summ       7%         N/A       94%         5
 Ignition                 Fire           46%        3d13      97%         8
 Spellforged Servitor     Conj/Summ      16%        N/A       99%         7
 Eringya's Noxious Bog    Tmut/Pois      3%         N/A       100%        6
 Summon Cactus Giant      Summ           3%         N/A       100%        6

Inventory:

Hand Weapons
 d - a +2 dagger of venom
   (You took it off a kobold on level 1 of the Dungeon)
Missiles
 f - 126 stones
 n - 2 atropa-tipped darts
 p - 5 javelins
 q - 17 poisoned darts
 u - 6 boomerangs
 I - 5 curare-tipped darts {=f}
Armour
 a - a +1 robe
 s - a +0 cloak (worn)
   (You found it on level 4 of the Dungeon)
 B - the +1 robe "Veex" {Dex+5}
   (You found it in a bailey)

   Dex:       It affects your dexterity (+5).
 H - a +1 robe of willpower (worn)
   (You took it off Pikel on level 7 of the Dungeon)
Magical Staves
 o - a staff of fire (weapon) {!a}
   (You acquired it on level 7 of the Dungeon)
Jewellery
 j - the ring of Poyzoul {rC+ Str+6}
   (You found it on level 10 of the Dungeon)

   [ring of protection from cold]

   Str:       It affects your strength (+6).
   rC:        It protects you from cold.
 E - a +4 ring of evasion
   (You found it on level 9 of the Dungeon)
 F - a ring of fire (right hand)
   (You found it on level 9 of the Dungeon)
 G - an amulet of guardian spirit (around neck)
   (You took it off Sigmund on level 6 of the Dungeon)
 T - an amulet of faith {!P}
   (You found it on level 6 of the Dungeon)
 W - a ring of magical power (left hand)
   (You took it off a goblin on level 2 of the Dungeon)
Wands
 m - a wand of mindburst (21)
   (You found it on level 3 of the Dungeon)
 w - a wand of flame (11)
   (You took it off Duvessa on level 6 of the Dungeon)
 K - a wand of charming (6)
   (You took it off Pikel on level 7 of the Dungeon)
Scrolls
 g - 5 scrolls of teleportation {@r4}
 h - 3 scrolls of enchant armour
 r - a scroll of silence {!r}
 v - 2 scrolls of immolation {!r!r}
 y - 2 scrolls of enchant weapon
 A - a scroll of blinking {!r}
 C - a scroll of fear
 L - 2 scrolls of poison {!r}
Potions
 b - 2 potions of magic
 c - 4 potions of lignification {!q}
 i - 8 potions of curing {@q1}
 k - 2 potions of attraction {!q}
 l - a potion of mutation {!q}
 t - 2 potions of ambrosia
 x - a potion of cancellation
 z - a potion of experience
 J - a potion of heal wounds {@q2}
 M - 2 potions of berserk rage {!q}

Dungeon Overview and Level Annotations

Branches:
Dungeon (11/15) Zot: 26681  Temple (0/1) D:6            Lair (0/5) D:8
    Orc (0/2) D:9          Bailey (visited)

Altars:
Ashenzari
Dithmenos
Elyvilon
Makhleb
Qazlal
Ru
Sif Muna
Trog
Uskayaw
Vehumet
Wu Jian
Yredelemnul
Zin
The Shining One

Annotations:
D:8 exclusion: yak, Maurice
D:11 Lodul

.........#
........<#.....# ...
##..##...#.....###+#...
##..######...........#
#........#...........#
#........#...........#
#........#...........#
#........+......§§...#
####+#####...§§§@....#
............§..#######
...............#
...........O...#
...............#
...............#
..................
#####.....#####...
#...).#...#...


You could see Lodul (inner flame).


Message History

The ogre's fire resistance burns away.
You hear a shout!
The ogre hits you with a +0 giant club!! 😮 HP[-16] MP[-8]
You take 16 damage, and now have 29/54 hp.
MASSIVE DAMAGE!! (PAUSE)
You lost 8 mp, and now have 12/32 mp.
Unknown command.
Casting: Scorch (safe; 1% risk of failure)
Confirm with . or Enter, or press ? or * to list all spells.
Aiming: Sticky Flame (dangerous; 1% risk of failure)
Press: ? - help, Shift-Dir - straight line, f - ogre
Aim: an ogre, wielding a +0 giant club (heavily wounded, more vulnerable to fire)
You feel a strong surge of power!
The sticky flame hits the ogre!
The ogre is burned terribly!
The ogre is covered in liquid flames!
The ogre burns!
You kill the ogre!
Sif Muna accepts your kill. 😮 MP[-3]
You lost 3 mp, and now have 9/32 mp. 😮 HP[+1]
Casting: Sticky Flame (dangerous; 1% risk of failure)
Confirm with . or Enter, or press ? or * to list all spells.
Aiming: Sticky Flame (dangerous; 1% risk of failure)
Press: ? - help, Shift-Dir - straight line, f - ogre
Aim: an ogre, wielding a +0 giant spiked club You feel a strong surge of power!
The sticky flame hits the ogre!
The ogre is covered in liquid flames!
The ogre burns!
The ogre completely misses you. 😮 MP[-4]
You lost 4 mp, and now have 5/32 mp.
You hit the ogre but do no damage. You burn the ogre. You peck the ogre.
You punch the ogre.
The ogre burns!
You kill the ogre!
Sif Muna accepts your kill.
You start resting.
An ogre is nearby! 😮 HP[+1] MP[+1]
You fly upwards.
There is a stone staircase leading down here. 😮 HP[+1] MP[+1]
You start resting. 😕 HP[+13] MP[+10]
You regained 13 hp, and now have 45/54 hp.
You regained 10 mp, and now have 17/32 mp.
You fly downwards.
You feel a wave of frost pass over you.
There is an entrance to an ice cave on this level.
Hurry and find it before the portal melts!
Level annotation: Lodul You hear the steady crackling of a melting archway very nearby.
The ogre hits you with a +0 giant club!!
There is a stone staircase leading up, spattered with blood here. 😮 HP[-16] MP[-7]
You take 16 damage, and now have 29/54 hp.
MASSIVE DAMAGE!! (PAUSE)
You lost 7 mp, and now have 10/32 mp.
Casting: Sticky Flame (dangerous; 1% risk of failure)
Confirm with . or Enter, or press ? or * to list all spells.
Aiming: Sticky Flame (dangerous; 1% risk of failure)
Press: ? - help, Shift-Dir - straight line, f - ogre
Aim: an ogre, wielding a +0 giant club You feel a strong surge of power!
The sticky flame hits the ogre!
The ogre is covered in liquid flames!
The ogre burns!
The ogre barely misses you. 😮 HP[+1] MP[-3]
You lost 3 mp, and now have 7/32 mp.
You hit the ogre. You claw the ogre.
The ogre burns! x2
You kill the ogre!
Sif Muna accepts your kill.
You start resting.
Lodul is nearby! 😮 HP[+5] MP[+4]
You regained 5 hp, and now have 35/54 hp.
You regained 4 mp, and now have 11/32 mp.
Casting: Sticky Flame (dangerous; 1% risk of failure)
Confirm with . or Enter, or press ? or * to list all spells.
Aiming: Inner Flame (safe; 1% risk of failure)
Press: ? - help, Dir - move target, f - Lodul
Aim: Lodul, wielding a +0 dire flail (chance to affect: 89%)
You feel a strong surge of power!
Lodul is filled with an inner flame. 😮 MP[-3]
You lost 3 mp, and now have 8/32 mp.
Casting: Inner Flame (safe; 1% risk of failure)
Confirm with . or Enter, or press ? or * to list all spells.
You feel a strong surge of power!
You conjure some foxfire!
Electricity crackles from Lodul's apparatus.
The bolt of lightning hits you!!
Ouch! That really hurt!
* * * LOW HITPOINT WARNING * * *
😱 HP[-26] MP[-5]
You take 26 damage, and now have 9/54 hp.
MASSIVE DAMAGE!! (PAUSE)
You lost 5 mp, and now have 3/32 mp.
Unknown command.
The foxfire hits Lodul but does no damage.
The foxfire hits Lodul.
Flame seeps out of Lodul.
Lodul is engulfed in blazing flames.
Flame seeps out of Lodul.
Electricity crackles from Lodul's apparatus.
The bolt of lightning hits you!
You die...

Skill      XL: |  1  2  3  4  5  6  7  8  9 10 11 |
---------------+----------------------------------+-----
Conjurations   | 2 3 4 5 7 8 10 12 13 | 13.0
Fire Magic     | 4 5 6 7 9 11 12 | 12.6
Invocations    | 1 2 3 4 5 6 |  6.8
Spellcasting   | 3 4 5 6 7 |  7.4
Dodging        | |  2.1
Stealth        | |  2.0

Action                   |  1- 3 |  4- 6 |  7- 9 | 10-12 || total
-------------------------+-------+-------+-------+-------++-------
Melee: Unarmed           |     2 |       |       |       ||     2
       Kick              |     1 |     4 |       |    10 ||    15
       Dagger            |       |    16 |       |     8 ||    24
       Peck              |       |     2 |       |     4 ||     6
       Punch             |       |       |       |     2 ||     2
       Staff             |       |       |       |    14 ||    14
 Cast: Foxfire           |    59 |    55 |   102 |   212 ||   428
       Scorch            |     5 |    30 |    64 |    93 ||   192
       Inner Flame       |       |       |     8 |     3 ||    11
       Flame Wave        |       |       |       |    11 ||    11
       Sticky Flame      |       |       |       |    12 ||    12
Evoke: Wand              |       |       |    13 |       ||    13
  Use: Scroll            |     5 |     7 |     6 |     8 ||    26
       Potion            |       |       |     2 |       ||     2
 Stab: Sleeping          |       |       |       |     1 ||     1
Armor: Robe              |     7 |     5 |     8 |    21 ||    41
Dodge: Dodged            |     4 |    15 |    53 |   126 ||   198

Levels and vault maps discovered:
D:1:      psy_arrival_whirlpool, layout_basic, serial_bayou,
          serial_bayou_pond_a, serial_bayou_lagoon_b, serial_bayou_pond_c,
          serial_bayou_crossing, glass_columns_a
D:2:      kennysheep_the_goblin_king, layout_loops_ring
D:3:      layout_loops_ring, mainiacjoe_overflow_paths, kennysheep_nub,
          minmay_lizard_king
D:4:      layout_loops_ring, ashenzari_altar_1, kennysheep_mini_moat,
          nicolae_dithmenos_the_darkroom, mainiacjoe_overflow_cross_hatched,
          minmay_surrounded
D:5:      layout_cave_pools, zin_angel
D:6:      layout_layer_cave, minmay_temple_entry_waves, serial_demonic,
          serial_demonic_e, serial_demonic_c, serial_demonic_c,
          serial_demonic_g, uniq_duvessa, uniq_sigmund, uniq_grinder
D:7:      layout_loops_ring, mainiacjoe_overflow_alcove_4,
          nicolae_overflow_crystal_walls, enter_bailey_3, minmay_holes,
          uniq_prince_ribbit1
D:8:      layout_loops_cross, mainiacjoe_overflow_tiny_flanked,
          lair_entry_dummy, uniq_pikel, uniq_maggie, uniq_maurice
D:9:      layout_roguey, grunt_temple_overflow_open, orc_0_dummy, st_stairs_9,
          lightli_minifort
D:10:     minmay_general_purpose_star, layout_basic, elyvilon_altar_3,
          nzn_life_drinkers, uniq_grum
D:11:     layout_gridville, portal_ice_cave_entry_imps, uniq_erolcha,
          uniq_lodul, uniq_josephine

Notes
Turn   | Place    | Note
-------+----------+-------------------------------------------
     0 | D:1      | kae the Tengu Fire Elementalist began the quest for the
                  | Orb.
     0 | D:1      | Reached XP level 1. HP: 10/10 MP: 4/4
     0 | D:1      | magus.rc [v1.11.3]
   356 | D:1      | Reached skill level 2 in Conjurations
   356 | D:1      | Reached XP level 2. HP: 7/15 MP: 0/6
   428 | D:1      | Learned a level 2 spell: Scorch
   690 | D:1      | Reached XP level 3. HP: 19/19 MP: 4/7
   694 | D:1      | Learned a level 3 spell: Inner Flame
  1309 | D:2      | You pick up a book of Touch and begin reading...
  1309 | D:2      | You add the spells Kiss of Death, Confusing Touch and
                  | Dispel Undead to your library.
  1566 | D:2      | Reached skill level 3 in Conjurations
  1566 | D:2      | Reached skill level 4 in Fire Magic
  1748 | D:2      | Reached XP level 4. HP: 24/24 MP: 6/8
  2109 | D:2      | You pick up a book of Power and begin reading...
  2109 | D:2      | You add the spells Iskenderun's Battlesphere, Iron Shot and
                  | Spellforged Servitor to your library.
  2377 | D:3      | Found a shimmering blue altar of Sif Muna.
  2510 | D:3      | You add the spells Ignite Poison, Sticky Flame and Ignition
                  | to your library.
  2624 | D:3      | Became a worshipper of Sif Muna the Loreminder
  3021 | D:3      | Gained mutation: Your magical nature lets you fly swiftly
                  | and evasively. [Tengu growth]
  3021 | D:3      | Reached XP level 5. HP: 28/28 MP: 10/10
  3147 | D:4      | Reached skill level 4 in Conjurations
  3147 | D:4      | Reached skill level 1 in Invocations
  3201 | D:3      | Reached skill level 3 in Spellcasting
  3201 | D:3      | Reached skill level 5 in Fire Magic
  3201 | D:3      | Reached XP level 6. HP: 27/32 MP: 8/11
  3558 | D:4      | Reached skill level 5 in Conjurations
  3581 | D:4      | Reached * piety under Sif Muna
  3808 | D:4      | Found a broken altar of Ashenzari.
  3836 | D:4      | Found a radiant altar of Vehumet.
  3888 | D:4      | Found a shadowy altar of Dithmenos.
  3937 | D:4      | Reached XP level 7. HP: 36/36 MP: 12/12
  3979 | D:4      | Found a bloodstained altar of Trog.
  4320 | D:5      | Entered Level 5 of the Dungeon
  4654 | D:5      | Reached skill level 2 in Invocations
  4708 | D:5      | Reached skill level 6 in Conjurations
  4708 | D:5      | Reached skill level 6 in Fire Magic
  5239 | D:5      | Found a glowing silver altar of Zin.
  5239 | D:5      | Noticed an angel
  5309 | D:6      | Noticed Grinder
  5316 | D:6      | Learned a level 4 spell: Flame Wave
  5328 | D:6      | Found a staircase to the Ecumenical Temple.
  5331 | D:6      | Noticed Dowan
  5332 | D:6      | Noticed Duvessa
  5341 | D:6      | Noticed Sigmund
  5438 | D:5      | HP: 6/36 [iguana (12)]
  5601 | D:6      | Paralysed by Grinder for 3 turns
  5605 | D:6      | Killed Grinder
  5606 | D:6      | Reached skill level 4 in Spellcasting
  5606 | D:6      | Reached skill level 7 in Conjurations
  5606 | D:6      | Reached XP level 8. HP: 41/41 MP: 15/15
  5696 | D:6      | Killed Sigmund
  5697 | D:6      | Reached skill level 7 in Fire Magic
  6234 | D:6      | Reached skill level 3 in Invocations
  6328 | D:6      | Reached ** piety under Sif Muna
  6919 | D:6      | Reached skill level 8 in Conjurations
  6959 | D:6      | Killed Duvessa
  6968 | D:6      | Killed Dowan
  7403 | D:6      | Reached XP level 9. HP: 45/45 MP: 16/16
  7409 | D:6      | Reached skill level 8 in Fire Magic
  7742 | D:7      | Found a burning altar of Makhleb.
  7747 | D:7      | You add the spells Alistair's Intoxication, Borgnjor's Vile
                  | Clutch and Eringya's Noxious Bog to your library.
  7760 | D:7      | Reached skill level 9 in Conjurations
  7795 | D:7      | Noticed Prince Ribbit
  7800 | D:7      | Killed Prince Ribbit
  7865 | D:7      | Found a flagged portal.
  7889 | D:7      | Reached skill level 5 in Spellcasting
  7891 | D:7      | Reached skill level 4 in Invocations
  7934 | D:7      | HP: 10/45 [poisoned by a water moccasin]
  7939 | D:7      | HP: 4/45 [poisoned by a water moccasin]
  7988 | Bailey   | Entered a bailey
  8110 | Bailey   | Noticed an orc sorcerer
  8121 | Bailey   | Killed an orc sorcerer
  8122 | Bailey   | Reached skill level 10 in Conjurations
  8122 | Bailey   | Reached skill level 9 in Fire Magic
  8548 | Bailey   | Reached XP level 10. HP: 50/50 MP: 19/19
  8827 | Bailey   | Reached *** piety under Sif Muna
  8947 | Bailey   | Reached skill level 11 in Conjurations
  9150 | Bailey   | Found an iron altar of Okawaru.
  9150 | Bailey   | Noticed a kobold demonologist
  9202 | Bailey   | Noticed a smoke demon
  9206 | Bailey   | Killed a kobold demonologist
  9207 | Bailey   | Reached skill level 5 in Invocations
  9273 | Bailey   | Reached skill level 10 in Fire Magic
  9456 | Bailey   | Identified the +1 robe "Veex" {Dex+5}
  9494 | Bailey   | Noticed an orc knight
  9741 | Bailey   | Killed an orc knight
  9742 | Bailey   | Reached skill level 6 in Spellcasting
  9902 | D:7      | Identified a potion of experience
  9908 | D:7      | Learned a level 4 spell: Sticky Flame
  9968 | D:7      | Identified the +1 sling of the Genius {drain, rF+ Will+
                  | Str+6 Stlth-}
 10243 | D:7      | Reached skill level 12 in Conjurations
 10642 | D:7      | Found a stormy altar of Qazlal.
 10911 | D:8      | Acquired a staff of fire
 11016 | D:8      | Noticed Maurice
 11118 | D:8      | You pick up a book of the Wilderness and begin reading...
 11118 | D:8      | You add the spells Summon Forest, Summon Mana Viper and
                  | Summon Cactus Giant to your library.
 11355 | D:8      | Noticed Maggie
 11421 | D:8      | Found an ornate altar of the Wu Jian Council.
 11428 | D:8      | Noticed Pikel
 11440 | D:7      | Killed Pikel
 11509 | D:8      | HP: 9/50 [Maggie/+2 morningstar of pain (4)]
 11510 | D:8      | Killed Maggie
 11511 | D:8      | Reached skill level 11 in Fire Magic
 11511 | D:8      | Reached XP level 11. HP: 11/54 MP: 0/21
 11941 | D:8      | Found a staircase to the Lair.
 12040 | D:8      | Reached **** piety under Sif Muna
 12402 | D:9      | Identified the +1 robe of the True Pharaoh {rC+}
 12409 | D:9      | Found a staircase to the Orcish Mines.
 12427 | D:9      | Paralysed by a hornet for 1 turns
 12568 | D:9      | Noticed a two-headed ogre
 12578 | D:9      | Reached skill level 6 in Invocations
 12601 | D:9      | Killed a two-headed ogre
 12602 | D:9      | Reached skill level 13 in Conjurations
 12877 | D:9      | Noticed a cyclops
 12883 | D:9      | Killed a cyclops
 13088 | D:9      | Found a glowing golden altar of the Shining One.
 13099 | D:9      | Found a sacrificial altar of Ru.
 13100 | D:9      | Found a hide-covered altar of Uskayaw.
 13104 | D:9      | Found a basalt altar of Yredelemnul.
 13258 | D:9      | Reached skill level 7 in Spellcasting
 13434 | D:10     | Entered Level 10 of the Dungeon
 13707 | D:10     | Paralysed by a hornet for 3 turns
 13712 | D:10     | Reached skill level 12 in Fire Magic
 13790 | D:10     | Identified the ring of Poyzoul {rC+ Str+6}
 13867 | D:10     | Noticed Grum
 13989 | D:10     | Killed Grum
 14306 | D:10     | Found a white marble altar of Elyvilon.
 14925 | D:11     | Noticed Lodul
 15100 | D:11     | HP: 9/54 [Lodul/bolt of lightning (27)]
 15102 | D:11     | Killed from afar by Lodul

Vanquished Creatures
  A two-headed ogre (D:9)
  Pikel (D:7)
  An orc knight (Bailey)
  An orc sorcerer (Bailey)
  A cyclops (D:9)
  Maggie (D:8)
  2 kobold demonologists
  Grinder (D:6)
  3 hornets
  Prince Ribbit (D:7)
  Sigmund (D:6)
  A shadow (D:11)
  2 wyverns (D:9)
  4 yaks (D:8)
  A vampire (D:10)
  Grum (D:10)
  An acid dragon (D:10)
  3 water moccasins
  Duvessa (D:6)
  14 orc warriors
  A sky beast (D:6)
  2 wolves (D:10)
  8 ogres
  2 centaurs
  A phantom (D:7)
  7 bullfrogs
  4 necrophages
  2 kobold brigands (D:10)
  A gnoll sergeant (D:9)
  A scorpion (D:6)
  20 wights
  7 killer bees
  Dowan (D:6)
  4 electric eels
  3 howler monkeys
  2 hounds (D:4)
  3 jellies
  2 orc priests
  4 iguanas
  3 orc wizards (D:6)
  8 gnolls
  3 adders
  A shadow imp (D:6)
  3 white imps
  An ufetubus (D:5)
  4 worms
  3 dart slugs
  39 orcs
  6 endoplasms
  4 giant cockroaches
  19 goblins
  10 hobgoblins
  4 quokkas
  10 ball pythons
  3 bats
  12 frilled lizards
  21 kobolds
  5 rats
276 creatures vanquished.

Vanquished Creatures (collateral kills)
  2 foxfires
2 creatures vanquished.

Vanquished Creatures (others)
  10 demonic plants (D:6)
  743 foxfires
  11 plants
764 creatures vanquished.

Grand Total: 1042 creatures vanquished

Table legend:
 A = Non-vault XP
 B = Vault XP
 C = Vault XP percentage of total XP
 D = Non-vault monster count
 E = Vault monster count
 F = Vault count percentage of total count
                 A         B        C        D         E       F
            +---------+---------+-------+---------+---------+-------
      Total |    7417 |    9389 |  55.9 |     189 |      87 |  31.5
            +---------+---------+-------+---------+---------+-------
        D:1 |      45 |       0 |   0.0 |      27 |       0 |   0.0
        D:2 |      44 |      13 |  22.8 |      16 |       7 |  30.4
        D:3 |      97 |       9 |   8.5 |      10 |       9 |  47.4
        D:4 |     489 |      11 |   2.2 |      15 |       5 |  25.0
        D:5 |     441 |       0 |   0.0 |      15 |       0 |   0.0
        D:6 |     641 |     719 |  52.9 |      23 |       5 |  17.9
        D:7 |    1760 |     910 |  34.1 |      26 |       6 |  18.8
        D:8 |    1579 |     418 |  20.9 |      23 |       1 |   4.2
        D:9 |    1155 |    1646 |  58.8 |       9 |       4 |  30.8
       D:10 |     943 |    1410 |  59.9 |      24 |       7 |  22.6
       D:11 |     223 |     732 |  76.6 |       1 |       6 |  85.7
     Bailey |       0 |    3521 | 100.0 |       0 |      37 | 100.0
            +---------+---------+-------+---------+---------+-------

Illustrated notes

Table legend:
 A = Kills in this place as a percentage of kills in entire the game.
 B = Kills by you in this place as a percentage of kills by you in the entire game.
 C = Kills by friends in this place as a percentage of kills by friends in the entire game.
 D = Other kills in this place as a percentage of other kills in the entire game.
 E = Experience gained in this place as a percentage of experience gained in the entire game.
 F = Experience gained in this place divided by the number of levels of this place that you have seen.
                   A       B       C       D       E      F
               +-------+-------+-------+-------+-------+----------------------
         Total | 100.0 | 100.0 |   N/A |   N/A | 100.0 | 1400.5
       Dungeon |  86.6 |  86.6 |   N/A |   N/A |  79.0 | 1207.7
        Bailey |  13.4 |  13.4 |   N/A |   N/A |  21.0 | 3521.0
               +-------+-------+-------+-------+-------+----------------------

Table legend: (Time is in decaauts)
 A = Elapsed time spent in this place.
 B = Non-inter-level travel time spent in this place.
 C = Inter-level travel time spent in this place.
 D = Time resting spent in this place.
 E = Time spent auto-exploring this place.
 F = Levels seen in this place.
 G = Mean time per level.
                   A        B        C        D        E       F      G
               +--------+--------+--------+--------+--------+-----+--------+
         Total |  14531 |  14092 |    439 |   2047 |   9694 |  12 | 1210.9 |
       Dungeon |  12666 |  12227 |    439 |   1266 |   9150 |  11 | 1151.5 |
        Bailey |   1865 |   1865 |      0 |    780 |    544 |   1 | 1865.0 |
               +--------+--------+--------+--------+--------+-----+--------+

Top non-repeatable levels by time:
     D:6: 2112 daAuts
  Bailey: 1865 daAuts
     D:8: 1463 daAuts
    D:10: 1277 daAuts
     D:1: 1233 daAuts
     D:4: 1205 daAuts
     D:7: 1163 daAuts
     D:3: 1018 daAuts
     D:5: 1017 daAuts
     D:9: 992 daAuts
     D:2: 966 daAuts
    D:11: 216 daAuts
